cohdb
Replays
Latest Replays
All Replays
Popular Replays
Top Player Replays
Match Explorer
How It Works
Community
CoH3 Stats
Reddit
Sign in to upload your games and track your stats! →
Sign in with Steam
The Legend of the Haunted Cow Pasture
Match 20694758
Overview
Messages
Build Orders
End
Kradschützen Motorcycle Team
Panzergrenadier Squad
Selects Armored Support Battlegroup
Panzergrenadier Squad
Construct Light Support Kompanie
2.5-tonne Medical Truck
Fire Support Elements
le.IG 18 Mechanized Group
Combat Half-tracks
Construct Mechanized Kompanie
Marder III Tank Destroyer
Veteran Squad Leaders
Selects Veteran Gunners
Selects Flammpanzer III Medium Tank Sd.Kfz. 141
Flammpanzer III Medium Tank
Advanced Field Repairs
Panzerpioneer Squad
Construct Panzerarmee Kommand
Selects Command Panzer IV F Medium Tank
Walking Stuka Rocket Launcher
Selects Vehicle Awareness
Emergency Repair Kits
Armored Reserves
Panzergrenadier Squad
Support Armor Elements
18-tonne Recovery Half-track
Panzergrenadier Squad
Panzergrenadier Squad
AI Takeover
[HAN]2933292488
oaksanti13
BaconKing
ßoo
Tactical Nuclear Cow
GHOST
0
0
Comments
sign in to comment!
No comments posted yet!